Map: Overgrown Facility

Players

Darknight

  • Race: Zerg Zerg
  • Spawn Location: 3:00

Saga

  • Race: Terran Terran
  • Spawn Location: 1:00

Yata - Winner!

  • Race: Zerg Zerg
  • League: Silver
  • Spawn Location: 9:00

Myhome - Winner!

  • Race: Terran Terran
  • League: Diamond
  • Spawn Location: 7:00

VOD

Have the link to the VOD?

Description

Time

  • Played on: Aug. 26, 2017, 11:10 p.m.
  • Length: 8:54
Show
View Real Time Build Order
Export as new Build Order

Darknight Zerg 

Build Orders: Hatch First 

Get SALT Encoding   

  12  0:02  Drone  
  13  0:12  Drone  
  14  0:39  Hatchery, Drone  
  14  0:57  Spawning Pool  
  14  1:01  Extractor, Drone  
  13  1:08  Drone  
  14  1:18  Overlord  
  14  1:44  Zergling x6  
  17  1:48  Queen  
  19  1:57  Spine Crawler  
  18  2:03  Zergling x2  
  19  2:09  Zergling x2  
  19  2:14  Drone x2  
  22  2:22  Overlord  
  22  2:37  Overlord  
  22  2:45  Metabolic Boost  
  22  2:50  Zergling x2  
  23  2:55  Zergling x2  
  23  3:03  Zergling x2  
  24  3:16  Zergling x6  
  26  3:24  Zergling x2  
  26  3:26  Drone  
  28  3:44  Zergling x6  
  28  4:00  Zergling x6  
  28  4:15  Zergling x6  
  31  4:22  Zergling x2  
  32  4:34  Zergling x4  
  32  4:35  Zergling x2  
  33  4:42  Zergling x2  
  31  5:00  Zergling x6  
  31  5:02  Zergling x2  
  33  5:11  Drone  
  34  5:23  Zergling x2  
  35  5:34  Zergling x8  
  35  5:51  Lair  
  35  6:14  Zergling x2  
  36  6:21  Overlord x3  
  31  6:41  Zergling x4  
  31  6:42  Zergling x10  
  37  6:52  Zergling x6  
  35  7:03  Zergling x4  
  35  7:04  Zergling x2  
  32  7:19  Spire  
  30  7:23  Extractor  
  30  7:27  Zergling x2  
  30  7:29  Zergling x2  
  25  7:36  Drone  
  24  7:39  Drone  
  21  7:49  Drone x2  
  23  7:52  Drone  
  24  8:11  Drone  
  24  8:12  Drone x4  
  29  8:20  Zergling x4  
  29  8:21  Zergling x2  
Show
View Real Time Build Order
Export as new Build Order

Saga Terran 

Build Orders:  

Get SALT Encoding   

  12  0:02  SCV  
  13  0:14  SCV  
  14  0:23  Supply Depot  
  14  0:26  SCV  
  15  0:31  Refinery  
  15  0:49  Barracks  
  15  0:50  SCV  
  16  1:04  Supply Depot  
  16  1:20  Barracks  
  16  1:26  SCV  
  17  1:37  Marine  
  17  1:39  Orbital Command  
  18  1:55  Marine  
  18  1:59  Factory  
  19  2:08  Marine  
  20  2:18  Marine  
  21  2:25  Marine  
  21  2:28  SCV  
  23  2:33  Supply Depot  
  23  2:35  Marine  
  21  2:43  Marine  
  21  2:44  Hellion  
  22  2:57  Marine  
  22  3:01  Marine  
  17  3:16  Hellion  
  17  3:19  Marine  
  15  3:27  Marine  
  14  3:37  Marine  
  9  3:53  Marine  
  10  4:09  SCV  
  9  4:11  Marine  
  9  4:21  SCV  
  9  4:29  Marine  
  9  4:33  SCV  
  9  4:41  Supply Depot  
  9  4:45  SCV  
  7  4:47  Marine  
  6  5:11  Marine  
  7  5:28  Marine  
  7  5:33  SCV  
  9  5:45  SCV  
  9  5:46  Marine  
  11  5:57  SCV  
  12  6:04  Marine  
  13  6:22  Marine  
  14  6:28  SCV  
  14  6:31  Barracks  
  15  6:40  Marine, SCV  
  17  6:54  SCV  
  17  6:57  Supply Depot  
  17  6:58  Marine  
  19  7:06  SCV  
  20  7:20  Marine x2  
  15  7:29  Barracks  
  14  7:34  SCV  
  15  7:45  Barracks Tech Lab  
  15  7:46  SCV  
  15  7:49  Marine  
  17  7:58  SCV  
  18  8:06  Marine  
  18  8:08  Marine  
  18  8:10  SCV  
  19  8:24  Marine  
  19  8:25  Marine  
  19  8:26  Marine  
Show
View Real Time Build Order
Export as new Build Order

Yata Zerg - Winner!

Build Orders: Pool First 

Get SALT Encoding   

  12  0:08  Overlord  
  12  0:28  Spawning Pool  
  11  0:33  Drone  
  12  0:36  Drone  
  12  0:41  Drone  
  14  0:48  Extractor  
  14  0:49  Drone  
  14  0:55  Drone  
  15  1:05  Drone  
  16  1:19  Zergling x2  
  17  1:27  Zergling x2  
  18  1:38  Zergling x2  
  19  1:49  Zergling x2  
  19  1:50  Metabolic Boost  
  20  1:56  Queen  
  20  1:59  Overlord  
  22  2:22  Zergling x4  
  24  2:32  Zergling x2  
  25  2:48  Zergling x2  
  26  2:53  Overlord  
  25  3:09  Overlord  
  24  3:21  Zergling x6  
  27  3:31  Zergling x2  
  28  3:38  Zergling x2  
  29  3:53  Zergling x2  
  22  4:03  Zergling x2  
  23  4:12  Zergling x8  
  24  4:39  Roach Warren  
  24  4:44  Zergling x8, Hatchery  
  24  4:45  Zergling x2  
  25  4:48  Queen  
  27  4:58  Zergling x2  
  26  5:08  Zergling x8  
  30  5:20  Zergling x2  
  24  5:42  Zergling x10  
  29  5:51  Baneling Nest  
  28  6:01  Drone x2  
  28  6:07  Zergling x8  
  31  6:15  Zergling x2  
  32  6:19  Zergling x4  
  32  6:44  Zergling x8  
  36  6:54  Baneling x3  
  36  6:55  Baneling x5  
  36  6:58  Zergling x2  
  36  6:59  Zergling x4  
  32  7:19  Zergling x4  
  32  7:20  Zergling x8  
  34  7:26  Zergling x2  
  32  7:32  Drone  
  32  7:42  Zergling x4  
  32  7:44  Baneling x5  
  33  7:47  Queen  
  35  7:54  Overlord  
  35  8:02  Zergling x2  
  36  8:12  Queen  
  40  8:27  Zergling x8  
Show
View Real Time Build Order
Export as new Build Order

Myhome Terran - Winner!

Build Orders:  

Get SALT Encoding   

  12  0:01  SCV  
  13  0:18  Supply Depot  
  13  0:44  Barracks  
  13  0:47  Barracks  
  13  1:32  Barracks, Marine  
  13  1:34  Marine  
  13  1:36  Barracks  
  15  1:42  Orbital Command  
  15  1:50  Marine  
  15  1:52  Marine  
  17  2:08  Marine  
  17  2:10  Marine  
  19  2:19  Marine  
  20  2:26  Marine x2  
  20  2:27  Marine  
  22  2:40  Marine  
  23  2:44  Marine  
  23  2:49  Bunker  
  23  3:18  Supply Depot x2  
  23  3:20  Marine  
  23  3:23  Marine  
  23  3:39  Marine x3  
  23  3:41  Marine  
  25  3:48  Bunker  
  25  3:57  Marine x3  
  25  3:59  Marine  
  20  4:19  Marine x3  
  20  4:20  Marine  
  20  4:37  Marine x2  
  17  4:55  Marine x2  
  13  5:15  Supply Depot  
  13  5:16  SCV  
  13  5:18  Supply Depot  
  12  5:24  Barracks  
  12  5:25  Refinery  
  12  5:28  Refinery  
  12  5:37  Barracks  
  12  5:40  Barracks  
  12  5:46  SCV  
  13  6:00  SCV  
  14  6:12  Marine  
  14  6:15  SCV  
  16  6:21  Command Center  
  16  6:36  Marine  
  17  6:45  Marine  
  18  6:54  Marine  
  18  6:55  Marine  
  20  7:08  Marine  
  21  7:20  SCV  
  22  7:26  Factory  
  22  7:38  Marine x3  
  25  7:49  Marine  
  26  7:56  Marine x2  
  26  7:57  Marine  
  29  7:59  SCV  
  30  8:07  Marine, Orbital Command  
  31  8:13  Marine  
  31  8:28  Marine x3  
  31  8:31  Marine  
Tags
 
Add a new tag
Caveats
  • Supply blocks, unpowered buildings, or Contaminate may cause inaccurate times.
  • Supply counts are checked every 10 seconds.